AoeStats
← LoadedStriker13

Arabia

510311182Analyzed
4v4 RM · 2d ago on Sep 30, 2026· 55m 30s· 8 players
Game mode
Random Map
Map size
Large (8 player)
Population
200
Speed
Normal
Resources
Standard
Victory
Conquest
Starting age
Dark Age
Ending age
Imperial Age
RankedLock teamsTeams togetherTeam positionsShared explorationLock speedFull tech treeHidden civsTurbo modeCheats
Victory
Defeat
🇩🇪 Vietnamese · Germany
688
+9
🇯🇵 Burmese · Japan
554
+14
🇨🇦 Britons · Canada
508
+16
🇬🇧 Franks · United Kingdom
507
+15
🇧🇬 Bulgarians · Bulgaria
582
-17
🇧🇬 Malay · Bulgaria
506
-13
🇷🇺 Vikings · Russia
496
-13
🇷🇺 Bulgarians · Russia
434
-11
LoadedStriker13
6:45 Loom
12:35 Feudal Age
12:56 Horse Collar
13:06 Double-Bit Axe
21:05 Wheelbarrow
29:47 Castle Age
28:15 Gold Mining
28:16 Stone Mining
30:59 Caravan
33:39 Bow Saw
35:59 Pikeman
36:26 Gambesons
36:27 Arson
37:32 Hand Cart
39:47 Gold Shaft Mining
43:23 Imperial Age
41:31 Squires
42:30 Town Watch
45:53 Heavy Plow
47:08 Two-Man Saw
48:02 Fletching
48:13 Padded Archer Armor
49:19 Chemistry
48:41 Fortified Wall
49:14 Siphons
49:32 Ballistics
50:41 Leather Archer Armor
50:22 Bodkin Arrow
50:30 Scale Mail Armor
50:40 Forging
52:30 Warwolf
52:09 Halberdier
55:07 Masonry
54:45 Arrowslits
55:08 Siege Engineers
Joshua
0:36 Loom
13:11 Feudal Age
13:39 Town Watch
14:33 Wheelbarrow
13:44 Town Watch
14:29 Double-Bit Axe
17:00 Arson
17:27 Man-at-Arms
21:40 Gold Mining
23:07 Stone Mining
26:22 Castle Age
25:47 Forging
25:28 Fletching
25:44 Scale Barding Armor
26:45 Scale Mail Armor
27:22 Husbandry
28:15 Bow Saw
31:33 Ordonnance Companies
34:50 Hand Cart
37:27 Caravan
46:37 Imperial Age
45:15 Pikeman
45:56 Squires
48:29 Halberdier
49:21 Chivalry
49:44 Conscription
49:52 Chain Barding Armor
49:50 Elite Throwing Axeman
ChrisTT
1:14 Loom
12:27 Feudal Age
13:10 Town Watch
14:01 Wheelbarrow
14:37 Gold Mining
14:38 Stone Mining
15:33 Double-Bit Axe
15:42 Horse Collar
22:03 Bloodlines
22:48 Padded Archer Armor
22:39 Fletching
27:44 Castle Age
27:34 Arson
28:45 Hand Cart
27:53 Light Cavalry
28:34 Husbandry
27:57 Crossbowman
27:58 Elite Skirmisher
28:52 Bow Saw
28:45 Heavy Plow
29:21 Bodkin Arrow
29:11 Pikeman
30:30 Stone Shaft Mining
31:44 Leather Archer Armor
31:40 Forging
32:36 Caravan
34:02 Ballistics
33:38 Murder Holes
33:54 Fortified Wall
36:33 Iron Casting
36:13 Thumb Ring
36:45 Squires
41:51 Imperial Age
39:27 Chatras
39:48 Scale Mail Armor
39:54 Scale Barding Armor
42:33 Masonry
43:05 Arbalester
43:08 Halberdier
45:10 Two-Man Saw
44:42 Crop Rotation
46:19 Paper Money
47:51 Ring Archer Armor
47:22 Bracer
46:46 Elite Rattan Archer
52:53 Hoardings
54:10 Chemistry
53:24 Imperial Skirmisher
54:03 Elite Battle Elephant
Jawaharlal NEHRU
8:42 Loom
12:10 Feudal Age
13:13 Horse Collar
15:21 Forging
17:07 Scale Barding Armor
21:42 Castle Age
22:31 Light Cavalry
23:22 Bloodlines
25:51 Gold Mining
26:04 Heavy Plow
26:11 Scale Mail Armor
26:49 Iron Casting
27:47 Husbandry
28:34 Wheelbarrow
29:02 Stone Mining
32:13 Chain Barding Armor
34:25 Pikeman
35:05 Squires
34:53 Gambesons
34:59 Town Watch
36:09 Manipur Cavalry
39:30 Imperial Age
39:51 Hussar
39:52 Cavalier
41:00 Conscription
43:15 Blast Furnace
41:47 Man-at-Arms
43:18 Howdah
44:04 Elite Battle Elephant
46:39 Hand Cart
47:41 Caravan
47:52 Capped Ram
48:09 Long Swordsman
49:12 Two-Handed Swordsman
54:36 Champion
Lyubo04
0:41 Loom
12:41 Feudal Age
13:09 Horse Collar
13:15 Double-Bit Axe
20:42 Scale Mail Armor
20:53 Forging
23:18 Castle Age
24:21 Squires
24:19 Stone Mining
24:22 Gold Mining
29:17 Bloodlines
35:12 Husbandry
36:13 Scale Barding Armor
39:45 Fletching
54:21 Bodkin Arrow
aleksbg02
0:42 Loom
11:31 Feudal Age
12:01 Wheelbarrow
11:15 Double-Bit Axe
11:11 Horse Collar
16:08 Gold Mining
16:14 Stone Mining
20:43 Padded Archer Armor
20:33 Fletching
20:57 Forging
26:05 Castle Age
27:08 Caravan
27:59 Hand Cart
29:06 Squires
30:22 Iron Casting
32:31 Heavy Plow
35:09 Imperial Age
32:34 Pikeman
33:27 Arson
37:03 Elite Karambit Warrior
38:08 Conscription
37:53 Treadmill Crane
41:43 Stone Shaft Mining
41:44 Gold Shaft Mining
41:19 Halberdier
46:02 Blast Furnace
47:47 Forced Levy
54:56 Ballistics
55:37 Chemistry
Divko01
13:44 Feudal Age
15:13 Wheelbarrow
15:24 Loom
17:57 Double-Bit Axe
24:19 Scale Barding Armor
24:27 Forging
24:10 Gold Mining
26:14 Bloodlines
26:50 Arson
28:11 Horse Collar
32:15 Castle Age
32:58 Heavy Plow
33:37 Gold Shaft Mining
33:49 Caravan
34:23 Husbandry
34:46 Chain Barding Armor
36:06 Stone Mining
37:23 Iron Casting
37:09 Hand Cart
39:13 Stirrups
43:22 Stone Shaft Mining
47:19 Masonry
47:07 Murder Holes
49:06 Bow Saw
51:32 Imperial Age
50:13 Scale Mail Armor
50:37 Devotion
51:56 Elite Konnik
53:15 Plate Barding Armor
Lyuboslav1
0:43 Loom
14:44 Feudal Age
17:36 Double-Bit Axe
17:35 Horse Collar
20:00 Arson
25:53 Gold Mining
42:30 Forging
50:39 Castle Age
51:32 Squires
51:11 Pikeman
51:47 Arson
Connection lost

Rejoining the realm…

Still unreachable

The connection could not be restored.

Session expired

The server has moved on; the page needs a fresh start.